 Dungeon Crawl Stone Soup version 0.31-a0-369-g8eba5f6939 (webtiles) character file.

Game seed: 587803468589126347

168 zazu2006 the Thaumaturge (level 5, -1/43 HPs)
             Began as a Gnoll Wanderer on July 28, 2023.
             Slain by an orc
             ... wielding a +0 trident
              (4 damage)
             ... on level 3 of the Dungeon.
             The game lasted 00:04:59 (2318 turns).

zazu2006 the Thaumaturge (Gnoll Wanderer)           Turns: 2318, Time: 00:05:00

Health: -1/43      AC:  5    Str: 13 (14) XL:     5   Next: 48%
Magic:  14/18      EV: 11    Int:  9 (11) God:
Gold:   97         SH:  0    Dex: 14 (17) Spells: 25/26 levels left

rFire   . . .        a - +0 club
rCold   . . .        (no shield)
rNeg    . . .        c - +0 leather armour
rPois   .            (no helmet)
rElec   .            (no cloak)
rCorr   .            (no gloves)
SInv    .            (no boots)
Will    .....        (no amulet)
Stlth   ++           i - +6 ring of dexterity
HPRegen 0.27/turn    (no ring)
MPRegen 0.16/turn

%: no passive effects
@: about to teleport, hasted, very quick
A: fangs 1, strong nose, distributed training, iridescent scales 1
a: no special abilities


You were on level 3 of the Dungeon.
You visited 1 branch of the dungeon, and saw 3 of its levels.

You collected 97 gold pieces.

Inventory:

Hand Weapons
 a - a +0 club (weapon)
Armour
 c - a +0 leather armour (worn)
Jewellery
 i - a +6 ring of dexterity (left hand)
 n - an amulet of faith
Scrolls
 d - a scroll of fog
 f - a scroll of poison {unknown}
 h - 2 scrolls of blinking {unknown}
 k - a scroll of amnesia {unknown}
 m - a scroll of silence {unknown}
Potions
 e - a potion of degeneration
 g - a potion of haste


   Skills:
 + Level 4.8 Fighting
 + Level 1.5 Short Blades
 + Level 1.5 Long Blades
 + Level 1.5 Axes
 + Level 1.5 Maces & Flails
 + Level 1.5 Polearms
 + Level 1.5 Staves
 + Level 1.5 Ranged Weapons
 + Level 1.5 Throwing
 + Level 1.5 Armour
 + Level 1.5 Dodging
 + Level 1.5 Stealth
 + Level 1.5 Shields
 + Level 1.5 Unarmed Combat
 + Level 11.4 Spellcasting
 + Level 1.2 Conjurations
 + Level 1.2 Hexes
 + Level 4.0 Summonings
 + Level 1.2 Necromancy
 + Level 1.2 Translocations
 + Level 1.2 Transmutations
 + Level 1.2 Fire Magic
 + Level 1.2 Ice Magic
 + Level 1.2 Air Magic
 + Level 1.2 Earth Magic
 + Level 1.2 Poison Magic
 + Level 1.7 Invocations
 + Level 1.5 Evocations
 + Level 1.2 Shapeshifting


You had 25 spell levels left.
You knew the following spells:

 Your Spells              Type           Power      Damage    Failure   Level
a - Freeze                Ice            28%        1d5       10%         1

Your spell library contained the following spells:

 Spells                   Type           Power      Damage    Failure   Level
 Summon Small Mammal      Summ           48%        N/A       3%          1
 Call Canine Familiar     Summ           12%        N/A       10%         3
 Ignite Poison            Fire/Tmut/Pois 7%         N/A       28%         3
 Stone Arrow              Conj/Erth      14%        3d7       28%         3
 Teleport Other           Tloc           7%         N/A       28%         3
 Volatile Blastmotes      Fire/Tloc      14%        2d11      28%         3
 Animate Armour           Summ/Erth      18%        N/A       50%         4
 Lehudib's Crystal Spear  Conj/Erth      3%         10d3      100%        8


Dungeon Overview and Level Annotations

Branches:
Dungeon (3/15)

Altars:


Innate Abilities, Weirdness & Mutations

You have very sharp teeth.
Your uncanny sense of smell can sniff out nearby items.
Your experience applies equally to all skills.
You are partially covered in iridescent scales. (AC +2)


Message History

Confirm with . or Enter, or press ? or * to list all spells.
Aiming: Freeze (safe; 10% risk of failure)
Press: ? - help, Shift-Dir - straight line, f/p - ball python
Aim: a ball python (moderately wounded, constricting you, slow)
You freeze the ball python.
You kill the ball python!
You hear some strange, mumbled words.
You are confused.
Unknown command.
You completely miss something. Something hits you.
You closely miss something.
Unknown command.
You're too confused to move!
You hear some strange, mumbled words.
A puff of flame appears from out of thin air!
The puff of flame hits you!
* * * LOW HITPOINT WARNING * * *
The howler monkey hoots and howls with incredible vigour!
You hear a shout! x3; You hear an angry hiss.
Unknown command.
Okay, then.
You hit something but do no damage. Your bite misses something.
Something hits you.
* * * LOW HITPOINT WARNING * * *
You are too confused!
You bump into the rock wall.
Something hits you.
* * * LOW HITPOINT WARNING * * *
You feel less confused.
As you read the scroll of teleportation, it crumbles to dust.
You feel strangely unstable.
An orc comes into view. It is wielding a +0 trident.
The orc shouts!
An orc comes into view. It is wielding a +0 club.
The howler monkey hoots and howls with incredible vigour!
You hear an angry hiss.
A magic dart appears from out of thin air!
The magic dart hits you.
* * * LOW HITPOINT WARNING * * *
The orc hits you from afar with a +0 trident.
You die...

.... ....
... ###..
#...######
#...o.....
#.......o.
#.@....#
#.#.##.#
#.#.#
##{#.#
#.o#..
#o#### #.#
#h# ∆ #g#


You could see a howler monkey (catching breath) and 4 orcs.

Vanquished Creatures
  Natasha (twice) (D:2)
  5 adders (D:2)
  3 dart slugs
  An orc (D:3)
  4 ball pythons
  5 bats
  4 endoplasms
  A giant cockroach (D:2)
  4 hobgoblins
  8 jackals (D:1)
  6 kobolds
  5 quokkas
  2 frilled lizards
  7 goblins
  6 rats
63 creatures vanquished.

Notes
Turn   | Place    | Note
-------+----------+-------------------------------------------
     0 | D:1      | Reached skill level 11 in Spellcasting
     0 | D:1      | zazu2006 the Gnoll Wanderer began the quest for the Orb.
     0 | D:1      | zazu2006 set off with the following items: a +0 club, a
                  | scroll of teleportation, a +0 leather armour, a scroll of
                  | fog; and the following spells available to memorise: Summon
                  | Small Mammal, Call Canine Familiar, Freeze, Ignite Poison,
                  | Teleport Other, Volatile Blastmotes.
     0 | D:1      | Reached XP level 1. HP: 20/20 MP: 12/12
    16 | D:1      | Learned a level 1 spell: Freeze
   125 | D:1      | Reached XP level 2. HP: 16/26 MP: 11/14
   480 | D:1      | Reached XP level 3. HP: 26/31 MP: 15/15
  1254 | D:2      | Reached skill level 1 in Invocations
  1282 | D:2      | Reached skill level 1 in Short Blades
  1282 | D:2      | Reached skill level 1 in Long Blades
  1282 | D:2      | Reached skill level 1 in Axes
  1282 | D:2      | Reached skill level 1 in Maces & Flails
  1282 | D:2      | Reached skill level 1 in Polearms
  1282 | D:2      | Reached skill level 1 in Staves
  1282 | D:2      | Reached skill level 1 in Ranged Weapons
  1282 | D:2      | Reached skill level 1 in Throwing
  1282 | D:2      | Reached skill level 1 in Armour
  1282 | D:2      | Reached skill level 1 in Dodging
  1282 | D:2      | Reached skill level 1 in Stealth
  1282 | D:2      | Reached skill level 1 in Shields
  1282 | D:2      | Reached skill level 1 in Unarmed Combat
  1282 | D:2      | Reached skill level 1 in Evocations
  1328 | D:2      | Noticed Natasha
  1333 | D:2      | Killed Natasha
  1334 | D:2      | Reached XP level 4. HP: 38/38 MP: 12/17
  1336 | D:2      | Reached skill level 1 in Conjurations
  1336 | D:2      | Reached skill level 1 in Hexes
  1336 | D:2      | Reached skill level 1 in Necromancy
  1336 | D:2      | Reached skill level 1 in Translocations
  1336 | D:2      | Reached skill level 1 in Transmutations
  1336 | D:2      | Reached skill level 1 in Fire Magic
  1336 | D:2      | Reached skill level 1 in Ice Magic
  1336 | D:2      | Reached skill level 1 in Air Magic
  1336 | D:2      | Reached skill level 1 in Earth Magic
  1336 | D:2      | Reached skill level 1 in Poison Magic
  1336 | D:2      | Reached skill level 1 in Shapeshifting
  1715 | D:2      | Reached XP level 5. HP: 13/43 MP: 8/18
  2210 | D:2      | Noticed Natasha
  2217 | D:2      | Killed Natasha
  2300 | D:3      | Gained mutation: You are partially covered in iridescent
                  | scales. (AC +2) [potion of mutation]
  2318 | D:3      | Slain by an orc

Illustrated notes

Levels and vault maps discovered:
D:1:      saegor_arrival_miasma, layout_loops_corners
D:2:      layout_basic, hex_medium, chequers_serial_rivers_micro_c,
          minmay_randomly_rotated_circles, uniq_natasha
D:3:      layout_rooms, gammafunk_temple_overflow_forgotten,
          portal_sewer_entry_e, corexii_corridor_pit, guppyfry_early_lair_pool

Skill      XL: |  1  2  3  4  5 |
---------------+----------------+-----
Spellcasting   | | 11.4
Invocations    | 1 |  1.7
Short Blades   | 1 |  1.5
Long Blades    | 1 |  1.5
Axes           | 1 |  1.5
Maces & Flails | 1 |  1.5
Polearms       | 1 |  1.5
Staves         | 1 |  1.5
Ranged Weapons | 1 |  1.5
Throwing       | 1 |  1.5
Armour         | 1 |  1.5
Dodging        | 1 |  1.5
Stealth        | 1 |  1.5
Shields        | 1 |  1.5
Unarmed Combat | 1 |  1.5
Evocations     | 1 |  1.5
Conjurations   | 1 |  1.2
Hexes          | 1 |  1.2
Necromancy     | 1 |  1.2
Translocations | 1 |  1.2
Transmutations | 1 |  1.2
Fire Magic     | 1 |  1.2
Ice Magic      | 1 |  1.2
Air Magic      | 1 |  1.2
Earth Magic    | 1 |  1.2
Poison Magic   | 1 |  1.2
Shapeshifting  | 1 |  1.2
Summonings     | 4 |  4.0
Fighting       | |  4.8

Action                     |  1- 3 |  4- 6 || total
---------------------------+-------+-------++-------
  Melee: Club              |   112 |    52 ||   164
         Bite              |     9 |     8 ||    17
         Punch             |     2 |       ||     2
   Cast: Freeze            |    18 |    48 ||    66
    Use: Potion            |       |     5 ||     5
         Scroll            |       |     1 ||     1
 Armour: Leather armour    |    35 |    25 ||    60
  Dodge: Dodged            |    94 |    60 ||   154

Table legend: (Time is in decaauts)
 A = Elapsed time spent in this place.
 B = Non-inter-level travel time spent in this place.
 C = Inter-level travel time spent in this place.
 D = Time resting spent in this place.
 E = Time spent auto-exploring this place.
 F = Levels seen in this place.
 G = Mean time per level.
                   A        B        C        D        E       F      G
               +--------+--------+--------+--------+--------+-----+--------+
         Total |   2362 |   2308 |     54 |      0 |   1766 |   3 |  787.3 |
       Dungeon |   2362 |   2308 |     54 |      0 |   1766 |   3 |  787.3 |
               +--------+--------+--------+--------+--------+-----+--------+

Top non-repeatable levels by time:
     D:1: 1231 daAuts
     D:2: 1096 daAuts
     D:3: 35 daAuts
